 Dungeon Crawl Stone Soup version 0.25-a0-366-g516bc45ae0 (webtiles) character file.

Game seed: 11615664149161986956, levelgen mode: deterministic

36884 DerDa the Eclecticist (level 13, -3/94 HPs)
             Began as a Mummy Ice Elementalist on Jan 6, 2020.
             Was a High Priest of Sif Muna.
             Slain by Dommiel19's ghost (10 damage)
             ... on level 6 of the Lair of Beasts.
             The game lasted 01:40:05 (22909 turns).

DerDa the Eclecticist (Mummy Ice Elementalist)     Turns: 22909, Time: 01:40:06

Health: -3/94      AC: 20    Str: 14    XL:     13   Next: 55%
Magic:  9/32       EV: 11    Int: 19    God:    Sif Muna [*****.]
Gold:   1099       SH:  5    Dex: 13    Spells: 19/43 levels left

rFire    x . .     SeeInvis .   a - +1 morningstar (flame)
rCold    + + .     Gourm    .   t - +0 buckler
rNeg     + + +     Faith    .   d - +4 troll leather armour
rPois    ∞         Spirit   .   E - +2 hat "Daceajem" {rC+ Regen+ rCorr}
rElec    .         Reflect  .   h - +0 cloak
rCorr    +         Harm     .   N - +1 pair of gloves {Str+3}
MR       +....                  (no boots)
Stlth    ++........             v - amulet of magic regeneration
HPRegen  1.05/turn              i - ring of wizardry
MPRegen  0.48/turn              o - ring of resist corrosion

@: icy armour
A: no food or potions, fire vulnerability, cold resistance 1, negative energy
resistance 3, torment resistance, unbreathing, in touch with death 1
a: Channel Magic, Forget Spell, Divine Exegesis, Renounce Religion


You were on level 6 of the Lair of Beasts.
You worshipped Sif Muna.
Sif Muna was extremely pleased with you.
You were not hungry.

You visited 3 branches of the dungeon, and saw 18 of its levels.

You collected 1264 gold pieces.
You spent 165 gold pieces at shops.

Inventory:

Hand Weapons
 a - a +1 morningstar of flaming (weapon)
 b - a +6 hunting sling of venom
 F - a +2 hand axe of electrocution
Missiles
 e - 20 atropa-tipped darts (quivered)
 j - 19 javelins
 B - 119 sling bullets
 D - 15 poisoned darts
Armour
 d - a +4 troll leather armour (worn)
 h - a +0 cloak (worn)
 t - a +0 buckler (worn)
 E - the +2 hat "Daceajem" (worn) {rC+ Regen+ rCorr}
   (You found it on level 3 of the Lair of Beasts)

   It protects you from cold.
   It increases your rate of regeneration.
   It provides partial protection from all sources of acid and corrosion.
 G - a +1 robe of magic resistance
 N - a +1 pair of gloves of strength (worn)
Jewellery
 i - a ring of wizardry (left hand)
 o - a ring of resist corrosion (right hand)
 v - an amulet of magic regeneration (around neck)
Wands
 g - a wand of flame (21)
 m - a wand of disintegration (8)
 n - a wand of polymorph (36)
 r - a wand of acid (11)
 u - a wand of enslavement (11)
 y - a wand of random effects (21)
 z - a wand of iceblast (21)
 C - a wand of digging (2)
Scrolls
 c - 2 scrolls of fog
 f - 8 scrolls of remove curse
 k - a scroll of vulnerability
 l - 3 scrolls of blinking
 p - 13 scrolls of teleportation
 q - 5 scrolls of enchant weapon
 s - 2 scrolls of amnesia
 x - 3 scrolls of magic mapping
 A - a scroll of silence
 H - 6 scrolls of identify
 L - a scroll of fear
 M - a scroll of summoning


   Skills:
 + Level 6.4 Fighting
 - Level 1.5 Dodging
 - Level 1.5 Stealth
 - Level 4.0 Shields
 * Level 15.5 Spellcasting
 + Level 3.7 Conjurations
 + Level 6.5 Necromancy
 + Level 11.2 Ice Magic
 + Level 5.9 Invocations
 + Level 5.3 Evocations


You had 19 spell levels left.
You knew the following spells:

 Your Spells              Type           Power        Failure   Level  Hunger
a - Freeze                Ice            ####         1%          1    N/A
b - Ozocubu's Armour      Chrm/Ice       #####...     1%          3    N/A
c - Hailstorm             Conj/Ice       #####...     1%          4    N/A
d - Summon Ice Beast      Ice/Summ       #####...     2%          4    N/A
e - Ensorcelled Hibernat  Hex/Ice        #####.       1%          2    N/A
f - Mephitic Cloud        Conj/Pois/Air  ###.....     4%          3    N/A
g - Agony                 Necr           ######..     4%          5    N/A
q - Blink                 Tloc           N/A          3%          2    N/A

Your spell library contained the following spells:

 Spells                   Type           Power        Failure   Level  Hunger
 Animate Skeleton         Necr           N/A          1%          1    N/A
 Magic Dart               Conj           ####         1%          1    N/A
 Pain                     Necr           ####         1%          1    N/A
 Shock                    Conj/Air       ###.         1%          1    N/A
 Searing Ray              Conj           ####..       1%          2    N/A
 Vampiric Draining        Necr           ######....   1%          3    N/A
 Animate Dead             Necr           N/A          1%          4    N/A
 Corona                   Hex            ##.....      2%          1    N/A
 Call Imp                 Summ           ##......     3%          2    N/A
 Slow                     Hex            ##......     3%          2    N/A
 Conjure Flame            Conj/Fire      ###.....     3%          3    N/A
 Dazzling Flash           Conj/Hex       ###...       3%          3    N/A
 Call Canine Familiar     Summ           ##......     6%          3    N/A
 Confuse                  Hex            ##......     6%          3    N/A
 Recall                   Summ/Tloc      N/A          6%          3    N/A
 Summon Guardian Golem    Hex/Summ       ##......     6%          3    N/A
 Tukima's Dance           Hex            ##......     6%          3    N/A
 Fulminant Prism          Conj/Hex       ###.......   10%         4    N/A
 Iskenderun's Mystic Bla  Conj/Tloc      ###.....     10%         4    N/A
 Airstrike                Air            ##........   21%         4    N/A
 Cause Fear               Hex            ##........   21%         4    N/A
 Bolt of Magma            Conj/Fire/Erth ###.......   32%         5    N/A
 Silence                  Hex/Air        ##........   50%         5    N/A
 Yara's Violent Unravell  Hex/Tmut       ##........   50%         5    N/A
 Conjure Ball Lightning   Conj/Air       ###.......   80%         6    N/A
 Deflect Missiles         Chrm/Air       ##........   96%         6    N/A
 Dispersal                Tloc           ##........   96%         6    N/A
 Monstrous Menagerie      Summ           ##........   100%        7    N/A
 Summon Greater Demon     Summ           ##........   100%        7    N/A
 Discord                  Hex            ##........   100%        8    N/A
 Disjunction              Tloc           ##........   100%        8    N/A
 Shatter                  Erth           ##........   100%        9    N/A

Dungeon Overview and Level Annotations

Branches:
Dungeon (11/15)            Temple (1/1) D:7            Lair (6/6) D:11
  Swamp (0/4) Lair:4        Snake (0/4) Lair:2        Slime (0/5) Lair:5
    Orc (0/2) D:9

Altars:
Ashenzari
Cheibriados
Dithmenos
Elyvilon
Fedhas
Gozag
Hepliaklqana
Kikubaaqudgha
Makhleb
Nemelex Xobeh
Okawaru
Qazlal
Ru
Sif Muna
Trog
Uskayaw
Vehumet
Wu Jian
Xom
Yredelemnul
Zin
The Shining One

Shops:
D:10 (   D:11 *[

Annotations:
Lair:5 1 exclusion
Lair:6 Dommiel19's ghost, adept DsGl


Innate Abilities, Weirdness & Mutations

You do not eat or drink.
Your flesh is vulnerable to fire.
You are immune to poison.
Your flesh is cold resistant. (rC+)
You are immune to negative energy. (rN+++)
You are immune to unholy pain and torment.
You can survive without breathing.
You are in touch with the powers of death.


Message History

A film of ice covers your body! Dommiel19's ghost hits you!
Your ice beast hits Dommiel19's ghost.
Your ice beast freezes Dommiel19's ghost.
Dommiel19's ghost resists.
Your ice beast hits Dommiel19's ghost but does no damage.
Casting: Ozocubu's Armour (safe; 1% risk of failure)
Confirm with . or Enter, or press ? or * to list all spells.
A chill wind blows around you. Dommiel19's ghost hits you!
You are electrocuted!
Your ice beast barely misses Dommiel19's ghost.
Your ice beast hits Dommiel19's ghost but does no damage.
Your ice beast hits Dommiel19's ghost.
Your ice beast freezes Dommiel19's ghost.
Dommiel19's ghost resists.
Casting: Summon Ice Beast (safe; 2% risk of failure)
Confirm with . or Enter, or press ? or * to list all spells.
A chill wind blows around you. Dommiel19's ghost hits you!!
* * * LOW HITPOINT WARNING * * *
You are electrocuted!
You die...

##..........##...........P.
#.#..........#P....#.P....P
###..........##..###.......
#...........#^....#.##.....
##..........##.PPP####.....
##.........##..PP# #......
#.......<.#..P.#####..##.
###.......Y.##P....##......
#.#%......@Y.##......#.....
##†.......YW.#..........P..
##.....Y...Y..............
##...#...........PP.#.....#
#P..........##...PP#.#..[..
##....P......#Z..####.....#
#P..........##...## #P.####
###P..............# ####...
#..P........#....#####.###


You could see Dommiel19's ghost, a death yak simulacrum and 5 friendly ice
beasts.

Vanquished Creatures
  2 hydras
  A catoblepas (Lair:6)
  A two-headed ogre (D:10)
  3 death yaks
  An oklob plant (Lair:2)
  A manticore (Lair:6)
  An elephant (Lair:2)
  A black mamba (Lair:3)
  A centaur zombie (D:11)
  3 torpor snails (Lair:6)
  A rime drake (Lair:6)
  10 spiny frogs
  3 komodo dragons
  A troll (D:11)
  Prince Ribbit (D:9)
  18 blink frogs
  A slime creature (D:6)
  6 hippogriffs
  Sigmund (D:3)
  A spriggan (D:7)
  A wyvern (D:8)
  34 yaks
  A wraith (D:11)
  Grum (D:8)
  Edmund (D:4)
  A naga (Lair:2)
  12 water moccasins
  7 porcupines
  3 orc warriors
  2 black bears
  3 sky beasts
  6 wolves
  4 ogres
  3 phantoms
  6 centaurs
  11 crocodiles
  5 big kobolds
  13 bullfrogs
  3 scorpions
  15 killer bees
  5 electric eels
  5 jellies
  2 crimson imps
  3 howler monkeys
  A bullfrog zombie (D:11)
  A quasit (D:8)
  6 orc priests
  5 hounds
  2 bullfrog skeletons
  3 centaur skeletons
  Terence (D:3)
  5 iguanas
  Ijyb (D:3)
  7 worker ants
  Natasha (thrice) (D:3)
  6 orc wizards
  A hound zombie (D:9)
  A hound skeleton (D:11)
  A howler monkey skeleton (D:7)
  12 adders
  2 shadow imps
  8 oozes
  2 adder zombies
  2 adder skeletons
  A dart slug (D:2)
  6 worms
  5 leopard geckos
  29 orcs
  4 giant cockroaches
  6 hobgoblins
  12 jackals
  3 quokkas
  11 bats
  6 frilled lizards
  3 goblins
  18 kobolds
  A quokka skeleton (D:6)
  A quokka zombie (D:8)
  12 rats
  A fungus (Lair:6)
  3 plants
397 creatures vanquished.

Vanquished Creatures (collateral kills)
  4 hydras
  2 catoblepae (Lair:6)
  2 death yaks
  A manticore (Lair:6)
  An oklob plant (Lair:2)
  2 elephants (Lair:2)
  2 black mambas
  A gargoyle (D:11)
  A spiny frog (Lair:3)
  A rime drake (Lair:1)
  6 blink frogs
  Grinder (D:3)
  A slime creature (D:6)
  A spriggan (Lair:4)
  6 yaks
  6 orc warriors
  3 porcupines
  4 wolves
  A phantom (D:8)
  3 crocodiles
  A bullfrog (D:10)
  A killer bee (D:5)
  5 orc priests
  An orc wizard (D:5)
  An iguana (Lair:4)
  2 worker ants
  3 oozes
  7 orcs
  A bush (D:8)
71 creatures vanquished.

Vanquished Creatures (others)
  A bullfrog (Lair:5)
  11 fungi
  18 plants
  11 toadstools (D:6)
41 creatures vanquished.

Grand Total: 509 creatures vanquished

Notes
Turn   | Place    | Note
-------+----------+-------------------------------------------
     0 | D:1      | DerDa the Mummy Ice Elementalist began the quest for the
                  | Orb.
     0 | D:1      | Reached XP level 1. HP: 13/13 MP: 4/4
   122 | D:1      | Reached skill level 3 in Spellcasting
   349 | D:1      | Reached XP level 2. HP: 16/19 MP: 0/6
   408 | D:1      | You fall into a shaft and drop 1 floor!
   685 | D:2      | Reached XP level 3. HP: 24/24 MP: 2/8
   804 | D:2      | Learned a level 3 spell: Ozocubu's Armour
  1098 | D:1      | Reached skill level 4 in Spellcasting
  1697 | D:3      | Reached XP level 4. HP: 30/30 MP: 6/10
  1700 | D:3      | Noticed Sigmund
  1703 | D:3      | Learned a level 4 spell: Hailstorm
  1767 | D:3      | Noticed Terence
  2281 | D:3      | Killed Sigmund
  2281 | D:3      | Reached skill level 5 in Spellcasting
  2281 | D:3      | Reached XP level 5. HP: 23/35 MP: 2/13
  2286 | D:3      | Reached XP level 6. HP: 21/41 MP: 0/14
  2447 | D:3      | Noticed Ijyb
  2455 | D:3      | Killed Ijyb
  3082 | D:3      | Killed Terence
  3082 | D:3      | Reached skill level 6 in Spellcasting
  3082 | D:3      | Reached skill level 5 in Ice Magic
  3237 | D:3      | Learned a level 4 spell: Summon Ice Beast
  3266 | D:4      | Noticed Natasha
  3268 | D:4      | Noticed Grinder
  3268 | D:4      | Paralysed by Grinder for 7 turns
  3281 | D:3      | Killed Natasha
  3383 | D:3      | Killed Grinder
  3463 | D:3      | Noticed Natasha
  3471 | D:3      | Killed Natasha
  3537 | D:3      | Noticed Natasha
  3543 | D:3      | Killed Natasha
  3543 | D:3      | Reached XP level 7. HP: 27/46 MP: 14/17
  3737 | D:4      | Reached skill level 7 in Spellcasting
  4222 | D:4      | Noticed Edmund
  4237 | D:4      | Killed Edmund
  4237 | D:4      | Reached skill level 1 in Shields
  4323 | D:4      | Found a burning altar of Makhleb.
  4533 | D:5      | Entered Level 5 of the Dungeon
  4541 | D:5      | Reached XP level 8. HP: 43/52 MP: 10/19
  4560 | D:5      | Reached skill level 8 in Spellcasting
  5655 | D:5      | Found a white marble altar of Elyvilon.
  5656 | D:5      | Found a bloodstained altar of Trog.
  5656 | D:5      | Found a radiant altar of Vehumet.
  5658 | D:5      | Found a hide-covered altar of Uskayaw.
  5658 | D:5      | Found an ancient bone altar of Kikubaaqudgha.
  6043 | D:5      | Learned a level 2 spell: Ensorcelled Hibernation
  6177 | D:6      | Reached skill level 9 in Spellcasting
  6489 | D:6      | Reached XP level 9. HP: 55/57 MP: 17/22
  7244 | D:6      | Found an iron altar of Okawaru.
  7370 | D:6      | Reached skill level 10 in Spellcasting
  7940 | D:7      | Reached skill level 11 in Spellcasting
  7969 | D:7      | Found a staircase to the Ecumenical Temple.
  7983 | Temple   | Entered the Ecumenical Temple
  8098 | Temple   | Became a worshipper of Sif Muna the Loreminder
  8340 | D:7      | Found a snail-covered altar of Cheibriados.
  8596 | D:7      | Reached XP level 10. HP: 49/63 MP: 20/25
  9232 | D:8      | Reached * piety under Sif Muna
  9392 | D:8      | Noticed Grum
  9516 | D:8      | Reached skill level 12 in Spellcasting
  9788 | D:8      | Killed Grum
 10068 | D:9      | Noticed Prince Ribbit
 10084 | D:9      | Killed Prince Ribbit
 10762 | D:9      | Reached ** piety under Sif Muna
 11095 | D:9      | Found a staircase to the Orcish Mines.
 11540 | D:9      | Learned a level 3 spell: Mephitic Cloud
 11546 | D:9      | Learned a level 5 spell: Agony
 11674 | D:10     | Entered Level 10 of the Dungeon
 11704 | D:10     | Noticed a two-headed ogre
 11714 | D:10     | Killed a two-headed ogre
 11714 | D:10     | Reached skill level 1 in Necromancy
 11721 | D:10     | Reached skill level 13 in Spellcasting
 11737 | D:10     | Reached skill level 1 in Fighting
 12179 | D:10     | Reached skill level 1 in Invocations
 12288 | D:10     | Found Ismuppik's Antique Weapon Emporium.
 12471 | D:11     | Noticed a brown ugly thing
 12631 | D:11     | Found Ykkatt's Antique Armour Shop.
 12782 | D:10     | Reached skill level 1 in Evocations
 13318 | D:11     | Bought a pair of runed gloves for 165 gold pieces
 13372 | D:11     | Noticed a gargoyle
 13678 | D:11     | Killed a gargoyle
 13678 | D:11     | Reached skill level 10 in Ice Magic
 13678 | D:11     | Reached XP level 11. HP: 41/72 MP: 7/28
 14057 | D:11     | Reached *** piety under Sif Muna
 14497 | D:11     | Noticed a green ugly thing
 14854 | D:11     | Found Terit's General Store.
 14980 | D:11     | Found a staircase to the Lair.
 14991 | Lair:1   | Entered Level 1 of the Lair of Beasts
 15540 | Lair:1   | Learned a level 2 spell: Blink
 16230 | Lair:2   | Found a staircase to the Snake Pit.
 16746 | Lair:2   | Reached **** piety under Sif Muna
 16827 | Lair:2   | Noticed an oklob plant
 17254 | Lair:2   | Noticed an oklob plant
 17265 | Lair:2   | Killed an oklob plant
 17447 | Lair:2   | Killed an oklob plant
 17496 | Lair:3   | Reached XP level 12. HP: 72/84 MP: 14/29
 17502 | Lair:3   | Got a fine hat
 17507 | Lair:3   | Identified the +2 hat "Daceajem" {rC+ Regen+ rCorr} (You
                  | found it on level 3 of the Lair of Beasts)
 17848 | Lair:3   | Reached skill level 14 in Spellcasting
 17894 | Lair:3   | Reached skill level 1 in Conjurations
 18574 | Lair:4   | Reached skill level 5 in Necromancy
 18588 | Lair:4   | Reached skill level 5 in Fighting
 18610 | Lair:4   | Noticed a seven-headed hydra
 18673 | Lair:4   | Killed a seven-headed hydra
 18676 | Lair:4   | Noticed a seven-headed hydra
 18676 | Lair:4   | Noticed a death yak
 18679 | Lair:4   | Killed a seven-headed hydra
 18684 | Lair:4   | Killed a death yak
 18787 | Lair:4   | Reached ***** piety under Sif Muna
 18933 | Lair:4   | Identified Sif Muna's Catalogue of Warped Air (Sif Muna
                  | gifted it to you on level 4 of the Lair of Beasts)
 18933 | Lair:4   | Received a gift from Sif Muna
 19201 | Lair:4   | Found a staircase to the Swamp.
 19202 | Lair:4   | Noticed a five-headed hydra
 19226 | Lair:4   | Killed a five-headed hydra
 19226 | Lair:4   | Reached skill level 5 in Invocations
 19668 | Lair:5   | Found a staircase to the Slime Pits.
 19670 | Lair:5   | Noticed an eight-headed hydra
 19798 | Lair:5   | Killed an eight-headed hydra
 20028 | Lair:5   | Noticed a six-headed hydra
 20241 | Lair:5   | Noticed a fire dragon
 20295 | Lair:5   | Killed a six-headed hydra
 20605 | Lair:6   | Entered Level 6 of the Lair of Beasts
 20615 | Lair:6   | Noticed an eight-headed hydra
 20841 | Lair:6   | Noticed a death yak
 20861 | Lair:6   | Noticed Dommiel19's ghost (adept DsGl)
 20886 | Lair:6   | Gained mutation: You are in touch with the powers of death.
                  | [Mummy growth]
 20886 | Lair:6   | Reached XP level 13. HP: 93/93 MP: 26/31
 20900 | Lair:6   | Found a runed translucent gate.
 20901 | Lair:6   | Found a runed translucent gate.
 20902 | Lair:6   | Found a runed translucent gate.
 21036 | Lair:6   | Reached skill level 15 in Spellcasting
 21245 | Lair:6   | Reached skill level 5 in Evocations
 21371 | Lair:6   | Found a snail-covered altar of Cheibriados.
 21996 | Lair:6   | Identified Sif Muna's Collected Works on the Creative Rocks
                  | (Sif Muna gifted it to you on level 6 of the Lair of
                  | Beasts)
 21996 | Lair:6   | Received a gift from Sif Muna
 22909 | Lair:6   | Slain by Dommiel19's ghost

Levels and vault maps discovered:
D:1:      psy_arrival_whirlpool, layout_loops_ring
D:2:      layout_basic
D:3:      layout_basic, minmay_starry_boxes, uniq_ijyb, uniq_sigmund,
          uniq_terence
D:4:      black_bear_nest_1, layout_rooms, kennysheep_mini_moat,
          minmay_distorted, uniq_grinder, uniq_edmund, uniq_natasha
D:5:      layout_cave_pods, grunt_temple_overflow_open, first_ration
D:6:      cheibrodos_fertilizer, layout_loops_ring, basic_altar,
          nicolae_water_bricks
D:7:      layout_basic, lemuel_round_altar, minmay_temple_entry_glass,
          fountainhead, the_bakery
D:8:      layout_rooms, kb_lookout_dungeons_type, uniq_grum
D:9:      layout_loops_ring, erik_orc_2, serial_park_tiny_2, uniq_prince_ribbit1
D:10:     layout_basic, serial_shops, nicolae_shop_waterfront
D:11:     layout_rooms, david_lair_shrubbed, serial_shops, shop, shop_statue
Temple:   regret_index_temple_waves
Lair:1:   layout_regular_city
Lair:2:   layout_hall_layers, guppyfry_snake_entry_garden, fungi_pond_lemuel,
          minmay_lair_oklob_chamber, grunt_megastairs_3,
          infiniplex_staircase_pool
Lair:3:   layout_cave_pods
Lair:4:   layout_cave_pods, minmay_swamp_entry_reptiles, serial_forest,
          infiniplex_forest_fountain, infiniplex_forest_lined_ring,
          infiniplex_forest_corner_1, infiniplex_forest_diagonal,
          infiniplex_forest_clump_curved, infiniplex_forest_side_room,
          grunt_forest_large_clearing_hut
Lair:5:   dragon1_lemuel, layout_gridlike, nicolae_slime_entry_slimehenge,
          minivault_11, hibernation_bobbens
Lair:6:   evilmike_catoblepas_cave, layout_long_grid, gammafunk_ghost_icy,
          kennysheep_snail_temple

Skill      XL: |  1  2  3  4  5  6  7  8  9 10 11 12 13 |
---------------+----------------------------------------+-----
Spellcasting   | 3 4 5 6 7 9 11 13 14 15 | 15.5
Ice Magic      | 4 5 6 7 8 10 11 | 11.2
Shields        | 2 4 |  4.0
Necromancy     | 1 4 5 6 |  6.5
Fighting       | 1 4 5 6 |  6.4
Invocations    | 1 4 5 |  5.9
Evocations     | 1 3 4 5 |  5.3
Conjurations   | 2 3 |  3.7
Dodging        | |  1.5
Stealth        | |  1.5

Action                   |  1- 3 |  4- 6 |  7- 9 | 10-12 | 13-15 || total
-------------------------+-------+-------+-------+-------+-------++-------
Melee: Unarmed           |     3 |       |       |       |       ||     3
       Short sword       |     9 |    17 |    38 |       |       ||    64
       Long sword        |       |       |    36 |    71 |       ||   107
       Spear             |       |       |       |    45 |       ||    45
       Morningstar       |       |       |       |    44 |    50 ||    94
Throw: Dart              |       |     1 |       |       |       ||     1
 Cast: Freeze            |    73 |    63 |   270 |   578 |   143 ||  1127
       Ozocubu's Armour  |       |     3 |    26 |    81 |    18 ||   128
       Summon Ice Beast  |       |     2 |    29 |   142 |    61 ||   234
       Hailstorm         |       |       |    21 |    87 |    25 ||   133
       Mephitic Cloud    |       |       |       |     4 |     7 ||    11
       Agony             |       |       |       |     5 |     2 ||     7
       Blink             |       |       |       |       |     2 ||     2
Evoke: Wand              |       |     1 |     2 |     5 |       ||     8
  Use: Scroll            |       |       |     7 |    17 |     4 ||    28
 Stab: Sleeping          |       |     1 |       |       |       ||     1
       Confused          |       |       |       |       |     2 ||     2
       Petrified         |       |       |       |       |     2 ||     2
       Petrifying        |       |       |       |       |     1 ||     1
Armor: Robe              |    10 |     9 |    94 |   108 |       ||   221
       Troll leather arm |       |       |       |   207 |    98 ||   305
Dodge: Dodged            |    43 |    45 |   186 |   433 |    80 ||   787
Block: Buckler           |       |       |    58 |   163 |    42 ||   263
       Rpst.: Long sword |       |       |    21 |    30 |       ||    51

Table legend:
 A = Non-vault XP
 B = Vault XP
 C = Vault XP percentage of total XP
 D = Non-vault monster count
 E = Vault monster count
 F = Vault count percentage of total count
                 A         B        C        D         E       F
            +---------+---------+-------+---------+---------+-------
      Total |   35430 |   17262 |  32.8 |     362 |     101 |  21.8
            +---------+---------+-------+---------+---------+-------
        D:1 |      26 |       0 |   0.0 |      18 |       0 |   0.0
        D:2 |      64 |       0 |   0.0 |      21 |       0 |   0.0
        D:3 |     132 |     545 |  80.5 |      22 |       7 |  24.1
        D:4 |     343 |     307 |  47.2 |      13 |       3 |  18.8
        D:5 |     862 |       0 |   0.0 |      32 |       0 |   0.0
        D:6 |    1059 |     761 |  41.8 |      24 |      16 |  40.0
        D:7 |    1312 |     220 |  14.4 |      29 |       1 |   3.3
        D:8 |     922 |     390 |  29.7 |      16 |       4 |  20.0
        D:9 |    1110 |    1082 |  49.4 |      24 |      22 |  47.8
       D:10 |    1133 |       0 |   0.0 |      20 |       0 |   0.0
       D:11 |    2221 |     361 |  14.0 |      17 |       1 |   5.6
     Lair:1 |    2395 |       0 |   0.0 |      14 |       0 |   0.0
     Lair:2 |    5253 |    1315 |  20.0 |      24 |       6 |  20.0
     Lair:3 |    4357 |       0 |   0.0 |      23 |       0 |   0.0
     Lair:4 |    5692 |    2490 |  30.4 |      26 |       8 |  23.5
     Lair:5 |    2446 |     704 |  22.3 |      11 |       7 |  38.9
     Lair:6 |    6103 |    9087 |  59.8 |      28 |      26 |  48.1
            +---------+---------+-------+---------+---------+-------
